 Dungeon Crawl Stone Soup version 0.30-a0-1082-g70414cbcbb (webtiles) character file.

Game seed: 9863264895250420217

1174 cheesebisquit the Magician (level 8, -11/50 HPs)
             Began as a Djinni Fire Elementalist on Apr 15, 2023.
             Killed by an exploding orc (17 damage)
             ... ignited by their inner flame
             ... on level 5 of the Dungeon.
             The game lasted 00:18:20 (4391 turns).

cheesebisquit the Magician (DjFE)                   Turns: 4391, Time: 00:18:20

Health: -11/50     AC:  3    Str:  7    XL:     8   Next: 68%
Gold:   152        EV: 12    Int: 18    God:
                   SH:  0    Dex: 15

rFire   + + .      SeeInvis .    s - +2 hand axe (vamp)
rCold   x . .      Faith    .    (no shield)
rNeg    . . .      Spirit   .    a - +0 robe
rPois   ∞          Reflect  .    (no helmet)
rElec   .          Rampage  .    (no cloak)
rCorr   +                        h - +0 pair of gloves
Will    .....                    (boots unavailable)
Stlth   ++                       (no amulet)
HPRegen 0.28/turn                o - ring of resist corrosion
MPRegen 0.00/turn                (no ring)

@: flying
A: sickness immunity, fire resistance 2, cold vulnerability 1, float, innate
caster, HP casting, extra vitality 1
a: no special abilities


You were on level 5 of the Dungeon.
You visited 1 branch of the dungeon, and saw 5 of its levels.

You collected 215 gold pieces.
You spent 63 gold pieces at shops.

Inventory:

Hand Weapons
 e - a +2 whip of venom
 s - a +2 vampiric hand axe (weapon)
Missiles
 j - a throwing net
Armour
 a - a +0 robe (worn)
 h - a +0 pair of gloves (worn)
 i - the +0 scale mail of Miracles {Int+2}
   (You found it on level 2 of the Dungeon)

   Int:       It affects your intelligence (+2).
Jewellery
 o - a ring of resist corrosion (left hand)
Scrolls
 g - 2 scrolls of fog
 k - a scroll of vulnerability {unknown}
 m - a scroll of enchant armour {unknown}
 n - a scroll of noise {unknown}
 q - a scroll of teleportation {unknown}
 t - a scroll of immolation {unknown}
Potions
 b - a potion of heal wounds
 c - a potion of brilliance
 d - a potion of curing
 f - a potion of invisibility
 l - 2 potions of might
 p - a potion of berserk rage
 r - a potion of flight
 u - a potion of mutation {unknown}
 v - a potion of attraction {unknown}
 w - a potion of haste {unknown}
 x - 2 potions of cancellation {unknown}


   Skills:
 - Level 2.1 Dodging
 - Level 1.5 Stealth
 + Level 7.9 Spellcasting


You knew the following spells:

 Your Spells              Type           Power      Damage    Failure   Level
a - Foxfire               Conj/Fire      100%       2x1d9     1%          1
b - Poisonous Vapours     Pois/Air       70%        N/A       1%          2
c - Volatile Blastmotes   Fire/Tloc      70%        2d15      1%          3
d - Inner Flame           Hex/Fire       35%        N/A       1%          3
e - Flame Wave            Conj/Fire      35%        2d10      3%          4
f - Kiss of Death         Conj/Necr      100%       2d13      1%          1
g - Ignite Poison         Fire/Tmut/Pois 35%        N/A       1%          3
z - Scorch                Fire           70%        2d7       1%          2
Your spell library was empty.

Dungeon Overview and Level Annotations

Branches:
Dungeon (5/15)
 Temple: D:4-7

Altars:
Gozag
Yredelemnul

Shops:
D:1 *   D:2 (   D:4 *

Annotations:
D:2 1 runed translucent door, Crazy Yiuf


Innate Abilities, Weirdness & Mutations

You are immune to sickness and miasma.
You are immune to poison.
Your flesh is very heat resistant. (rF++)
You are vulnerable to cold. (rC-)
You float through the air rather than walking.
You learn spells naturally, not from books.
Your magical power is your life essence.
You have superior vitality. (+4 MHP)


Message History

Aiming: Inner Flame (safe; 1% risk of failure)
Press: ? - help, Dir - move target, f - orc, p - orc priest
Aim: an orc, wielding a +0 club and quivering boomerangs (chance to affect: 95%)
The orc barely resists.
The orc barely misses you.
The orc priest casts a cantrip, but nothing happens.
Casting: Inner Flame (safe; 1% risk of failure)
Confirm with . or Enter, or press ? or * to list all spells.
Aiming: Inner Flame (safe; 1% risk of failure)
Press: ? - help, Dir - move target, f/p - orc
Aim: an orc, wielding a +0 club and quivering boomerangs (chance to affect: 95%)
The orc is filled with an inner flame.
The orc closely misses you.
Casting: Inner Flame (safe; 1% risk of failure)
Confirm with . or Enter, or press ? or * to list all spells.
Aiming: Inner Flame (safe; 1% risk of failure)
Press: ? - help, Dir - move target, f - orc, p - orc
Aim: an orc, wielding a +0 hand axe, wearing a +0 leather armour and quivering boomerangs (chance to affect: 95%)
The orc is filled with an inner flame.
The orc wizard mumbles some strange words.
The orc wizard flickers and vanishes!
Deactivating autopickup; reactivate with Ctrl-A.
The orc hits you with a +0 club. The orc closely misses you.
Casting: Inner Flame (safe; 1% risk of failure)
Confirm with . or Enter, or press ? or * to list all spells.
Flames lash the orc.
The orc is almost dead.
The orc's fire resistance burns away.
The orc closely misses you. x2
The orc completely misses you.
Casting: Scorch (safe; 1% risk of failure)
Confirm with . or Enter, or press ? or * to list all spells.
Flames lash the orc.
The orc explodes!
The fiery explosion engulfs the orc!!!
The orc is burned terribly!
You kill the orc!
The fiery explosion engulfs you! You resist.
* * * LOW HITPOINT WARNING * * *
The fiery explosion engulfs the orc priest!!
The fiery explosion engulfs the orc!!
The orc explodes!
The fiery explosion engulfs you! You resist.
You die...

..~~~♣........##........
#.
P~♣♣~~♣...♣....#........
#.
.~P~~♣~.......♣#........
#.
.P~~~~♣.♣....♣♣#........
#. .~♣~~~P♣....♣♣
#........ #.
.♣~♣.♣~..♣♣.♣ #.#######
#. .~~~.~..~♣P.♣ #.# #.
.♣~~~))~...♣♣ #§#######
#. ..~♣§§§...♣P♣
#@§§.{... #######
.~.§§§§)...P♣ #§§§.....
.≈≈≈§§§ ..~§≈~.~...♣♣
#§§§....# ≈..§§.§
P..♣~§~..... .........
≈.≈≈§§≈ ..~♣~♣.~.♣..
......... ≈≈.§.§§
♣...♣~.... ..........
≈≈._.§≈ .♣..~..♣.
#......... §≈...≈§ ♣
..♣.♣. #.........
≈.≈≈≈.≈ . ♣.....
.......#.≈.....§


There were no monsters in sight!

Vanquished Creatures
  A sky beast (D:4)
  2 ogres (D:4)
  A phantom (D:5)
  Blork the orc (D:5)
  4 scorpions
  2 howler monkeys (D:5)
  A hound (D:5)
  A jelly (D:5)
  3 orc priests
  3 iguanas
  2 orc wizards (D:5)
  A sleepcap (D:5)
  7 gnolls
  3 adders
  A white imp (D:5)
  A worm (D:4)
  A dart slug (D:4)
  7 orcs
  4 endoplasms
  2 giant cockroaches
  9 goblins
  3 hobgoblins
  9 jackals
  2 quokkas
  9 ball pythons
  4 bats
  5 frilled lizards
  7 kobolds
  5 rats
101 creatures vanquished.

Vanquished Creatures (collateral kills)
  3 foxfires (D:5)
3 creatures vanquished.

Vanquished Creatures (others)
  243 foxfires
  37 plants (D:5)
280 creatures vanquished.

Grand Total: 384 creatures vanquished

Notes
Turn   | Place    | Note
-------+----------+-------------------------------------------
     0 | D:1      | cheesebisquit the Djinni Fire Elementalist began the quest
                  | for the Orb.
     0 | D:1      | cheesebisquit set off with the following spells memorised:
                  | Foxfire, Scorch, Volatile Blastmotes, Inner Flame, Flame
                  | Wave.
     0 | D:1      | Reached XP level 1. HP: 15/15 MP: 0/0
    45 | D:1      | Reached XP level 2. HP: 19/21 MP: 0/0
   139 | D:1      | Found Qaoja's Assorted Antiques.
   241 | D:1      | Reached skill level 3 in Spellcasting
   418 | D:1      | Reached XP level 3. HP: 22/25 MP: 0/0
   418 | D:1      | Learned a level 1 spell: Kiss of Death
  1138 | D:2      | Found Ogyavaer's Antique Weapon Boutique.
  1379 | D:2      | Identified the +0 scale mail of Miracles {Int+2}
  1524 | D:2      | Found a runed translucent door.
  1525 | D:2      | Noticed Crazy Yiuf
  1630 | D:2      | Reached XP level 4. HP: 23/31 MP: 0/0
  2088 | D:3      | Reached skill level 4 in Spellcasting
  2191 | D:3      | You are sucked into a shaft and drop 1 floor!
  2201 | D:4      | Reached XP level 5. HP: 32/35 MP: 0/0
  2201 | D:4      | Learned a level 2 spell: Poisonous Vapours
  2679 | D:4      | Found Araededgh's Assorted Antiques.
  2684 | D:4      | Bought a bubbling golden potion for 19 gold pieces
  2684 | D:4      | Bought a scroll labelled ASSIEZX OL HYOF for 22 gold pieces
  2684 | D:4      | Bought a scroll labelled BUYGYOC HEU for 22 gold pieces
  2789 | D:4      | Noticed a sky beast
  2796 | D:4      | Killed a sky beast
  2797 | D:4      | Reached skill level 5 in Spellcasting
  2797 | D:4      | Reached XP level 6. HP: 26/40 MP: 0/0
  3137 | D:4      | Noticed an ogre
  3138 | D:4      | Reached XP level 7. HP: 11/45 MP: 0/0
  3138 | D:4      | Learned a level 3 spell: Ignite Poison
  3146 | D:4      | Reached skill level 6 in Spellcasting
  3320 | D:4      | Identified the -2 cloak of Polish {Str+5}
  3542 | D:5      | Entered Level 5 of the Dungeon
  3557 | D:5      | Found an opulent altar of Gozag.
  3591 | D:5      | Found a basalt altar of Yredelemnul.
  3670 | D:5      | Noticed Blork the orc
  3677 | D:5      | Killed Blork the orc
  3678 | D:5      | Reached XP level 8. HP: 21/50 MP: 0/0
  3740 | D:5      | Reached skill level 7 in Spellcasting
  4391 | D:5      | Killed by an exploding orc... ignited by their inner flame

Illustrated notes

Levels and vault maps discovered:
D:1:      co_arrival_hall_of_pillars, layout_basic, serial_shops,
          nicolae_shop_dealshenge
D:2:      layout_basic, serial_shops, nicolae_shop_just_a_little_nook,
          minmay_cupped, uniq_crazy_yiuf_cottage
D:3:      layout_basic
D:4:      layout_basic, serial_shops, nicolae_shop_dealshenge
D:5:      wad_woods_pond, layout_basic, yredelemnul_altar_generic,
          vehumet_crystals, mainiacjoe_overflow_paths, uniq_blork_the_orc

Skill      XL: |  1  2  3  4  5  6  7  8 |
---------------+-------------------------+-----
Spellcasting   | 3 4 5 6 7 |  7.9
Dodging        | |  2.1
Stealth        | |  1.5

Action                     |  1- 3 |  4- 6 |  7- 9 || total
---------------------------+-------+-------+-------++-------
  Melee: Whip              |     6 |     1 |       ||     7
   Cast: Foxfire           |    41 |    60 |    46 ||   147
         Scorch            |     3 |    23 |    20 ||    46
         Inner Flame       |       |       |    11 ||    11
    Use: Scroll            |       |     5 |     3 ||     8
         Potion            |       |       |     1 ||     1
 Armour: Robe              |     3 |       |     1 ||     4
  Dodge: Dodged            |    12 |     4 |    11 ||    27

Table legend: (Time is in decaauts)
 A = Elapsed time spent in this place.
 B = Non-inter-level travel time spent in this place.
 C = Inter-level travel time spent in this place.
 D = Time resting spent in this place.
 E = Time spent auto-exploring this place.
 F = Levels seen in this place.
 G = Mean time per level.
                   A        B        C        D        E       F      G
               +--------+--------+--------+--------+--------+-----+--------+
         Total |   4389 |   4177 |    212 |     58 |   3572 |   5 |  877.8 |
       Dungeon |   4389 |   4177 |    212 |     58 |   3572 |   5 |  877.8 |
               +--------+--------+--------+--------+--------+-----+--------+

Top non-repeatable levels by time:
     D:2: 1278 daAuts
     D:4: 907 daAuts
     D:5: 848 daAuts
     D:1: 801 daAuts
     D:3: 553 daAuts
